 Dungeon Crawl Stone Soup version 0.26-a0-1020-ge47f559bc5 (webtiles) character file.

Game seed: 11332499249171234098

9 Dracia the Gusty (level 2, 0/20 HPs)
             Began as a Draconian Air Elementalist on Dec 8, 2020.
             Slain by an adder (5 damage)
             ... on level 2 of the Dungeon.
             The game lasted 00:01:04 (405 turns).

Dracia the Gusty (Draconian Air Elementalist)        Turns: 405, Time: 00:01:05

Health: 0/20       AC:  4    Str: 10    XL:     2   Next: 3%
Magic:  1/5        EV: 12    Int: 15    God:
Gold:   0          SH:  0    Dex: 11    Spells: 4/5 levels left

rFire    . . .     SeeInvis .   a - +0 dagger
rCold    . . .     Faith    .   (no shield)
rNeg     . . .     Spirit   .   (armour unavailable)
rPois    .         Reflect  .   (helmet restricted)
rElec    .         Harm     .   (no cloak)
rCorr    .         Rampage  .   (no gloves)
Will     .....                  (no boots)
Stlth    ++........             (no amulet)
HPRegen  0.06/turn              (no ring)
MPRegen  0.09/turn              (no ring)

@: lethally poisoned (0 -> -3)
A: unfitting armour, cold-blooded, AC +4
a: no special abilities


You were on level 2 of the Dungeon.
You visited 1 branch of the dungeon, and saw 2 of its levels.


Innate Abilities, Weirdness & Mutations

Your plain brown scales are hard. (AC +4)
You cannot fit into any form of body armour.
You are cold-blooded and may be slowed by cold attacks.


   Skills:
 - Level 1.7 Dodging
 - Level 1.7 Stealth
 - Level 2.0 Spellcasting
 + Level 1.4 Conjurations
 * Level 3.4 Air Magic


You had 4 spell levels left.
You knew the following spells:

 Your Spells              Type           Power        Failure   Level
z - Shock                 Conj/Air       #...         9%          1

Your spell library contained the following spells:

 Spells                   Type           Power        Failure   Level
 Swiftness                Air            ##......     9%          2
 Static Discharge         Conj/Air       #.......     26%         3
 Airstrike                Air            ##........   47%         4
 Lightning Bolt           Conj/Air       #.........   93%         5

Inventory:

Hand Weapons
 a - a +0 dagger (weapon)

Dungeon Overview and Level Annotations

Branches:
Dungeon (1/15)

Altars:

##########..####.#
.............#
.######.##?..#
#.......(##
####....$.#....
.$....bK..# ##
#.##.##B### . ...
#S# #.## #@#
#.<...hhS..#
#...#..hh..# #.
#........
#.#........
#.#####.... #.
#### ##


You could see 2 adders, 4 jackals, a giant cockroach, a bat and a kobold.


Message History

The adder is lightly wounded.
The zap hits the giant cockroach but does no damage.
The zap misses the kobold.
The adder bites you but does no damage. The adder closely misses you.
The adder barely misses you.
Casting: Shock (safe; 9% risk of failure)
Confirm with . or Enter, or press ? or * to list all spells.
Aiming: Shock (safe; 9% risk of failure)
Press: ? - help, Shift-Dir - straight line, f/p - adder
Aim: an adder (lightly wounded, 52% to evade)
The zap misses the adder.
The zap hits the giant cockroach.
The giant cockroach is heavily wounded.
The zap misses the kobold.
The adder misses you. The jackal misses you. The adder barely misses you.
The adder bites you.
* * * LOW HITPOINT WARNING * * *
You closely miss the adder.
The adder is lightly wounded.
The adder barely misses you. The adder bites you.
* * * LOW HITPOINT WARNING * * *
You are poisoned.
The adder poisons you! The jackal closely misses you.
You hit the adder.
The adder is moderately wounded.
You feel sick. The adder barely misses you. The adder closely misses you.
The jackal bites you.
* * * LOW HITPOINT WARNING * * *
The jackal barely misses you.
You hit the adder.
Your tail-slap misses the adder.
The adder is heavily wounded.
The adder closely misses you. The adder bites you.
You die...

Action                   || total
-------------------------++-------
Melee: Dagger            ||    14
       Unarmed           ||    10
       Tailslap          ||     2
 Cast: Shock             ||    14
Armor: Skin              ||    15
Dodge: Dodged            ||    34

Levels and vault maps discovered:
D:1:      dpeg_arrival_tiny_b, layout_rooms, minmay_misc_feat_pillars
D:2:      layout_basic

Notes
Turn   | Place    | Note
-------+----------+-------------------------------------------
     0 | D:1      | Dracia the Draconian Air Elementalist began the quest for
                  | the Orb.
     0 | D:1      | Reached XP level 1. HP: 14/14 MP: 3/3
   365 | D:1      | You fall into a shaft and drop 1 floor!
   369 | D:2      | Reached XP level 2. HP: 9/20 MP: 0/5
   405 | D:2      | Slain by an adder

Vanquished Creatures
  A bat (D:1)
  3 hobgoblins
  2 kobolds (D:1)
  A frilled lizard (D:1)
  A rat (D:1)
8 creatures vanquished.

Table legend: (Time is in decaauts)
 A = Elapsed time spent in this place.
 B = Non-inter-level travel time spent in this place.
 C = Inter-level travel time spent in this place.
 D = Time resting spent in this place.
 E = Time spent auto-exploring this place.
 F = Levels seen in this place.
 G = Mean time per level.
                   A        B        C        D        E       F      G
               +--------+--------+--------+--------+--------+-----+--------+
         Total |    404 |    404 |      0 |    155 |    153 |   2 |  202.0 |
       Dungeon |    404 |    404 |      0 |    155 |    153 |   2 |  202.0 |
               +--------+--------+--------+--------+--------+-----+--------+

Top non-repeatable levels by time:
     D:1: 364 daAuts
     D:2: 39 daAuts

Table legend:
 A = Non-vault XP
 B = Vault XP
 C = Vault XP percentage of total XP
 D = Non-vault monster count
 E = Vault monster count
 F = Vault count percentage of total count
                 A         B        C        D         E       F
            +---------+---------+-------+---------+---------+-------
      Total |      13 |       0 |   0.0 |       8 |       0 |   0.0
            +---------+---------+-------+---------+---------+-------
        D:1 |      11 |       0 |   0.0 |       7 |       0 |   0.0
        D:2 |       2 |       0 |   0.0 |       1 |       0 |   0.0
            +---------+---------+-------+---------+---------+-------
